 Dungeon Crawl Stone Soup version 0.28.0-45-g0d030f2227 (webtiles) character file.

Game seed: 1239957943140287348

15 Peloso the Shield-Bearer (level 2, 27/27 HPs)
             Began as a Minotaur Fighter on Apr 24, 2022.
             Got out of the dungeon alive.
             The game lasted 00:01:42 (1022 turns).

Peloso the Shield-Bearer (Minotaur Fighter)         Turns: 1022, Time: 00:01:43

Health: 27/27      AC:  7    Str: 20    XL:     2   Next: 34%
Magic:  1/1        EV:  9    Int:  5    God:
Gold:   56         SH:  4    Dex: 11    Spells: 1/1 levels left

rFire   . . .      SeeInvis .   a - +0 long sword
rCold   . . .      Faith    .   c - +0 buckler
rNeg    . . .      Spirit   .   b - +0 scale mail
rPois   .          Reflect  .   (helmet restricted)
rElec   .          Harm     .   (no cloak)
rCorr   .          Rampage  .   (no gloves)
Will    .....                   (no boots)
Stlth   ..........              (no amulet)
HPRegen 0.09/turn               (no ring)
MPRegen 0.07/turn               (no ring)

@: no status effects
A: horns 2, retaliatory headbutt, hooves 1, agile 1
a: no special abilities


You escaped.
You visited 1 branch of the dungeon, and saw 1 of its levels.

You collected 56 gold pieces.

Inventory:

Hand Weapons
 a - a +0 long sword (weapon)
Armour
 b - a +0 scale mail (worn)
 c - a +0 buckler (worn)
Jewellery
 g - an amulet of faith
Potions
 d - a potion of might
 j - a potion of curing


   Skills:
 + Level 3.9 Fighting
 + Level 2.6 Long Blades
 + Level 3.7 Armour
 + Level 0.1 Dodging
 + Level 4.1 Shields


You had one spell level left.
You didn't know any spells.
Your spell library was empty.

Dungeon Overview and Level Annotations

Branches:
Dungeon (1/15)

Altars:


Innate Abilities, Weirdness & Mutations

You have a pair of horns on your head.
You reflexively headbutt those who attack you in melee.
You have large cloven feet.
You are agile. (Dex +2)


Message History

The endoplasm hits you but does no damage.
The endoplasm freezes you.
You are frozen.
You slash the endoplasm!
You kill the endoplasm!
j - a yellow potion Done exploring.
Done exploring.
Done exploring.
Done exploring.
As you read the scroll labelled GOSUCOIC QABE, it crumbles to dust.
You hear a loud clanging noise!
It was a scroll of noise.
As you read the scroll labelled QUIPHU BE ERGH, it crumbles to dust.
It is a scroll of identify.
j - a potion of curing
As you read the scroll labelled RIUQYM MAIL, it crumbles to dust.
You feel strangely unstable.
It was a scroll of teleportation.
It was a potion of mutation.
You feel extremely strange.
You feel clumsy.
You feel your magical essence link to the dungeon's wands.
Really quaff the potion of mutation?
You feel extremely strange.
You feel agile.
Your magical essence no longer links to wands of the dungeon.
Your feet thicken and deform.
You feel agile.
(D) Dungeon
Where to? (? - help)
What level of the Dungeon? (default 1, ? - help)
Your surroundings suddenly seem different.
You can't go up here!
(D) Dungeon
Where to? (Enter - D:1 @ (x,y), ? - help)
There is a dry fountain, spattered with blood here.
There is a staircase leading out of the dungeon here.
Are you sure you want to leave the Dungeon?
This will make you lose the game!
Alright, then stay!
You can't go down here!
Are you sure you want to leave the Dungeon?
This will make you lose the game!
You have escaped!

.'....................#.###......
.####...##.########.....##.......
## ##.###.# ##.######...... #
####..# ##......##..... #...#
#.......###...# ##.##
########....####'## #.#
#⌠...⌠##.≈≈.#...... #.#
#.....##.≈≈.#.#.... #########.##
#.@.>.##....#.#..## ...........#
#.....###..##.#...#
##########.####⌠...⌠####.##......
#......######.#..###.#....
#.#.##.#######.###.......#
#.≈≈≈≈≈≈≈≈≈##### ###.#..##
#.≈#≈≈≈≈≈#≈.# #......
##≈#≈###≈#≈.# ###....
#≈#≈≈≈≈≈#≈.####### ##.##


There were no monsters in sight!

Vanquished Creatures
  A dart slug (D:1)
  3 ball pythons (D:1)
  2 endoplasms (D:1)
  3 bats (D:1)
  3 frilled lizards (D:1)
  A goblin (D:1)
  A kobold (D:1)
  A rat (D:1)
15 creatures vanquished.

Notes
Turn   | Place    | Note
-------+----------+-------------------------------------------
     0 | D:1      | Peloso the Minotaur Fighter began the quest for the Orb.
     0 | D:1      | Reached XP level 1. HP: 19/19 MP: 0/0
   396 | D:1      | Reached skill level 4 in Shields
   472 | D:1      | Reached XP level 2. HP: 25/27 MP: 1/1
   976 | D:1      | Gained mutation: You are clumsy. (Dex -2) [potion of
                  | mutation]
   976 | D:1      | Gained mutation: You expend magic power (3 MP) to
                  | strengthen your wands. [potion of mutation]
   977 | D:1      | Lost mutation: You are clumsy. (Dex -2) [potion of
                  | mutation]
   977 | D:1      | Lost mutation: You expend magic power (3 MP) to strengthen
                  | your wands. [potion of mutation]
   977 | D:1      | Gained mutation: You have large cloven feet. [potion of
                  | mutation]
   977 | D:1      | Gained mutation: You are agile. (Dex +2) [potion of
                  | mutation]
  1022 | D:$      | Got out of the dungeon alive.

Illustrated notes

Levels and vault maps discovered:
D:1:      amcnicky_arrival_gap_in_the_tavern_cellar, layout_loops_corners,
          minmay_crystal_water, hangedman_decor_growths,
          wander_ebering_terrifying_dragon_lair

Skill      XL: |  1 |
---------------+----+-----
Shields        | 4 |  4.1
Fighting       | |  3.9
Long Blades    | |  2.6
Armour         | |  3.7
Dodging        | |  0.1

Action                   || total
-------------------------++-------
Melee: Long sword        ||    28
       Headbutt          ||     3
  Use: Scroll            ||     3
       Potion            ||     2
Armor: Scale mail        ||    12
Dodge: Dodged            ||    10
Block: Buckler           ||     5
